 Dungeon Crawl Stone Soup version 0.29.1 (webtiles) character file.

Game seed: 7482447043600439758

1539 groovy9 the Skirmisher (level 8, -10/62 HPs)
             Began as a Minotaur Hunter on Sept 14, 2022.
             Was an Initiate of Hepliaklqana.
             Mangled by an orc warrior
             ... wielding a +1 war axe of venom
              (14 damage)
             ... on level 6 of the Dungeon.
             The game lasted 00:16:14 (5375 turns).

groovy9 the Skirmisher (Minotaur Hunter)            Turns: 5375, Time: 00:16:15

Health: -10/62     AC:  7    Str: 15 (16) XL:     8   Next: 56%
Magic:  7/7        EV: 12    Int:  4 (6)  God:    Hepliaklqana [......]
Gold:   268        SH:  0    Dex: 13 (16) Spells: 7/7 levels left

rFire   + . .      SeeInvis .   a - +0 shortbow (freeze)
rCold   . . .      Faith    .   (shield currently unavailable)
rNeg    . . .      Spirit   .   h - +3 leather armour
rPois   .          Reflect  .   (helmet restricted)
rElec   .          Harm     .   (no cloak)
rCorr   .          Rampage  .   s - +0 pair of gloves
Will    .....                   (no boots)
Stlth   +.........              d - amulet of magic regeneration
HPRegen 0.20/turn               j - ring of protection from fire
MPRegen 0.50/turn               (no ring)

@: lethally poisoned (-10 -> -16), flying, studying Spellcasting
A: horns 2, retaliatory headbutt
a: Renounce Religion


You were on level 6 of the Dungeon.
You worshipped Hepliaklqana.
Hepliaklqana was noncommittal.
You visited 1 branch of the dungeon, and saw 6 of its levels.

You collected 268 gold pieces.

Inventory:

Hand Weapons
 a - a +0 shortbow of freezing (weapon)
 b - a +0 war axe
Missiles
 l - 5 curare-tipped darts
Armour
 h - a +3 leather armour (worn)
 s - a +0 pair of gloves (worn)
Jewellery
 d - an amulet of magic regeneration (around neck)
 j - a ring of protection from fire (left hand)
Scrolls
 e - 2 scrolls of enchant weapon
 f - a scroll of immolation
 p - 3 scrolls of identify
Potions
 i - 2 potions of mutation


   Skills:
 - Level 2.4 Fighting
 - Level 0.6 Axes
 * Level 12.4 Ranged Weapons
 - Level 2.1 Dodging
 - Level 0.7 Stealth


You had 7 spell levels left.
You didn't know any spells.
Your spell library contained the following spells:

 Spells                   Type           Power      Damage    Failure   Level
 Sting                    Tmut/Pois      0%         1d3       56%         1
 Poisonous Vapours        Pois/Air       0%         N/A       71%         2
 Sublimation of Blood     Necr           0%         N/A       71%         2
 Gell's Gravitas          Tloc           0%         N/A       91%         3
 Lesser Beckoning         Tloc           0%         N/A       91%         3
 Teleport Other           Tloc           0%         N/A       91%         3
 Tukima's Dance           Hex            0%         N/A       91%         3
 Olgreb's Toxic Radiance  Pois           0%         N/A       100%        4
 Passage of Golubria      Tloc           0%         N/A       100%        4
 Petrify                  Tmut/Erth      0%         N/A       100%        4
 Irradiate                Conj/Tmut      0%         3d11      100%        5
 Yara's Violent Unravell  Hex/Tmut       0%         3d3       100%        5


Dungeon Overview and Level Annotations

Branches:
Dungeon (6/15)
 Temple: D:4-7

Altars:
Ashenzari
Fedhas
Hepliaklqana
Nemelex Xobeh
Wu Jian

Annotations:
D:5 2 transporters, RascalDebosk's ghost, novice MiBe


Innate Abilities, Weirdness & Mutations

You have a pair of horns on your head.
You reflexively headbutt those who attack you in melee.


Message History

Aim: an orc warrior, wielding a +1 war axe of venom and wearing a +0 plate armour (heavily wounded, 65% to hit)
You shoot an arrow.
The arrow hits the orc warrior but does no damage.
The orc warrior is heavily wounded.
You feel very sick. The orc warrior barely misses you.
Fire: a) +0 shortbow (freeze)
Press: ? - help, Q - select action, (/) - cycle Shift-Dir - straight line, f/p - orc warrior
Aim: an orc warrior, wielding a +1 war axe of venom and wearing a +0 plate armour (heavily wounded, 65% to hit)
You shoot an arrow.
The arrow barely misses the orc warrior.
You feel very sick. The orc warrior barely misses you.
Fire: a) +0 shortbow (freeze)
Press: ? - help, Q - select action, (/) - cycle Shift-Dir - straight line, f/p - orc warrior
Aim: an orc warrior, wielding a +1 war axe of venom and wearing a +0 plate armour (heavily wounded, 65% to hit)
You shoot an arrow. The arrow hits the orc warrior.
The arrow freezes the orc warrior.
The orc warrior is severely wounded.
You feel sick.
The orc warrior hits you with a +1 war axe of venom!
* * * LOW HITPOINT WARNING * * *
Fire: a) +0 shortbow (freeze)
Press: ? - help, Q - select action, (/) - cycle Shift-Dir - straight line, f/p - orc warrior
Aim: an orc warrior, wielding a +1 war axe of venom and wearing a +0 plate armour (severely wounded, 65% to hit)
You shoot an arrow. The arrow hits the orc warrior.
The arrow freezes the orc warrior.
The orc warrior is almost dead.
* * * LOW HITPOINT WARNING * * *
You feel sick. The orc warrior closely misses you.
Fire: a) +0 shortbow (freeze)
Press: ? - help, Q - select action, (/) - cycle Shift-Dir - straight line, f/p - orc warrior
Aim: an orc warrior, wielding a +1 war axe of venom and wearing a +0 plate armour (severely wounded, 65% to hit)
You shoot an arrow. The arrow hits the orc warrior.
The arrow freezes the orc warrior.
The orc warrior is almost dead.
* * * LOW HITPOINT WARNING * * *
You feel sick.
The orc warrior hits you with a +1 war axe of venom!
You die...

........ ########
#.# ........ #.#
########## #.#
.........# #)#
########.# #.# ..#
#.# #.# ..# #.#
#o# ########.# #@#
.[.......# #.#
########## #.#
.... #.# #### #.#
#### #.#
...#############.#
.................#
...###############


You could see an orc warrior.

Vanquished Creatures
  Eustachio (D:5)
  Menkaure (D:5)
  An ice beast (D:5)
  An ogre (D:5)
  A phantom (D:6)
  A bullfrog (D:6)
  5 scorpions
  3 wights (D:6)
  A jelly (D:4)
  An orc priest (D:5)
  6 iguanas
  3 orc wizards
  7 adders
  4 gnolls (D:4)
  2 white imps (D:6)
  An ufetubus (D:6)
  2 worms (D:2)
  3 dart slugs
  16 orcs
  4 ball pythons
  8 endoplasms
  3 giant cockroaches
  8 goblins
  4 hobgoblins
  2 quokkas
  4 bats
  3 frilled lizards
  16 kobolds
  6 rats
118 creatures vanquished.

Notes
Turn   | Place    | Note
-------+----------+-------------------------------------------
     0 | D:1      | groovy9 the Minotaur Hunter began the quest for the Orb.
     0 | D:1      | Reached XP level 1. HP: 18/18 MP: 0/0
   103 | D:1      | Reached XP level 2. HP: 24/25 MP: 1/1
   112 | D:1      | Reached skill level 5 in Ranged Weapons
   775 | D:2      | Reached XP level 3. HP: 30/30 MP: 2/2
   980 | D:2      | Reached skill level 6 in Ranged Weapons
  1408 | D:3      | Reached XP level 4. HP: 37/37 MP: 3/3
  1412 | D:3      | Found a faded altar of an unknown god.
  1434 | D:3      | Found an ornate altar of the Wu Jian Council.
  2165 | D:4      | Reached skill level 7 in Ranged Weapons
  2165 | D:4      | Reached XP level 5. HP: 32/42 MP: 4/4
  2280 | D:4      | Identified the +1 plate armour of Votacsyli {Rampage Str+4
                  | Dex-3}
  2982 | D:5      | Entered Level 5 of the Dungeon
  3091 | D:5      | Reached skill level 8 in Ranged Weapons
  3091 | D:5      | Reached XP level 6. HP: 50/50 MP: 5/5
  3214 | D:5      | Found a sparkling altar of Nemelex Xobeh.
  3225 | D:5      | Noticed a troll
  3229 | D:5      | Found a transporter.
  3229 | D:5      | Noticed RascalDebosk's ghost (novice MiBe)
  3239 | D:5      | Found a transporter.
  3257 | D:5      | Noticed an ice beast
  3265 | D:5      | Killed an ice beast
  3400 | D:5      | Noticed Eustachio
  3423 | D:5      | Killed Eustachio
  3424 | D:5      | Reached skill level 9 in Ranged Weapons
  3424 | D:5      | Reached XP level 7. HP: 28/56 MP: 6/6
  3673 | D:5      | Noticed Menkaure
  3972 | D:5      | Killed Menkaure
  3973 | D:5      | Reached skill level 10 in Ranged Weapons
  4304 | D:5      | Reached skill level 11 in Ranged Weapons
  4584 | D:6      | Reached XP level 8. HP: 62/62 MP: 7/7
  4820 | D:6      | Found a blossoming altar of Fedhas.
  4833 | D:6      | Found a hazy altar of Hepliaklqana.
  4834 | D:6      | Found a broken altar of Ashenzari.
  4841 | D:6      | Became a worshipper of Hepliaklqana the Forgotten
  4911 | D:6      | Reached skill level 12 in Ranged Weapons
  5375 | D:6      | Mangled by an orc warrior

Illustrated notes

Levels and vault maps discovered:
D:1:      zelgadis_glass_arrival_small, layout_basic
D:2:      layout_basic
D:3:      layout_basic, lemuel_coloured_pillars_altar, basic_ecumenical_altar,
          serial_rivers, chequers_serial_rivers_micro_d,
          chequers_serial_rivers_marsh, chequers_serial_rivers_micro_e,
          chequers_serial_rivers_small_3, chequers_serial_rivers_micro_e,
          chequers_serial_rivers_micro_b
D:4:      layout_gridville, minmay_manual_mail
D:5:      layout_basic, nemelex_spade_bored_becter, gammafunk_ghost_arena,
          uniq_menkaure, uniq_eustachio
D:6:      layout_basic, grunt_temple_overflow_open,
          nicolae_qazlal_general_emergency, nicolae_shop_unique_rings

Skill      XL: |  1  2  3  4  5  6  7  8 |
---------------+-------------------------+-----
Ranged Weapons | 5 6 7 8 9 11 12 | 12.4
Fighting       | |  2.4
Axes           | |  0.6
Dodging        | |  2.1
Stealth        | |  0.7

Action                   |  1- 3 |  4- 6 |  7- 9 || total
-------------------------+-------+-------+-------++-------
 Fire: Shortbow          |    90 |   110 |   175 ||   375
  Use: Scroll            |     2 |     7 |     2 ||    11
       Potion            |       |     6 |     6 ||    12
Armor: Leather armour    |     1 |    12 |    23 ||    36
Dodge: Dodged            |    11 |    32 |    38 ||    81
